 Dungeon Crawl Stone Soup version 0.27-a0-1137-g3ef0f4ec91 (webtiles) character file.

Game seed: 14288843875253334759

9076 Mesmaeker13 the Nimble (level 11, -20/65 HPs)
             Began as a Djinni Hedge Wizard on May 6, 2021.
             Was a Believer of Nemelex Xobeh.
             Demolished by a komodo dragon (27 damage)
             ... on level 10 of the Dungeon.
             The game lasted 00:34:57 (16246 turns).

Mesmaeker13 the Nimble (Djinni Hedge Wizard)       Turns: 16246, Time: 00:34:59

Health: -20/65     AC: 11    Str:  9    XL:     11   Next: 40%
Gold:   609        EV: 16    Int: 19    God:    Nemelex Xobeh [**....] SH:  0 Dex: 13

rFire    + + .     SeeInvis .   w - +2 short sword (elec)
rCold    x . .     Faith    .   (no shield)
rNeg     . . .     Spirit   .   B - +0 steam dragon scales
rPois    ∞         Reflect  .   d - +2 helmet
rElec    .         Harm     .   l - +0 cloak
rCorr    .         Rampage  .   n - +0 pair of gloves
Will     ++...                  (boots unavailable)
Stlth    ++++......             (no amulet)
HPRegen  0.20/turn              g - ring of willpower
MPRegen  0.00/turn              (no ring)

@: flying
A: sickness immunity, fire resistance 2, cold vulnerability 1, float, innate
caster, hp casting, extra vitality 1
a: Renounce Religion, Draw Escape, Draw Destruction, Draw Summoning


You were on level 10 of the Dungeon.
You worshipped Nemelex Xobeh.
Nemelex Xobeh was pleased with you.
You visited 2 branches of the dungeon, and saw 11 of its levels.

You collected 609 gold pieces.

Inventory:

Hand Weapons
 o - a +2 dagger of electrocution
 w - a +2 short sword of electrocution (weapon)
 G - a +4 scimitar of freezing
 H - a +0 vampiric short sword
Missiles
 q - a curare-tipped dart
Armour
 d - a +2 helmet (worn)
 l - a +0 cloak (worn)
 n - a +0 pair of gloves (worn)
 r - a scarf of invisibility
 B - +0 steam dragon scales (worn)
 F - +0 acid dragon scales
Jewellery
 c - a ring of fire
 g - a ring of willpower (left hand)
Wands
 k - a wand of charming (20)
 J - a wand of flame (1)
Scrolls
 a - a scroll of fog
 e - 4 scrolls of teleportation
 f - 2 scrolls of enchant weapon
 v - a scroll of amnesia {unknown}
 x - a scroll of brand weapon
 y - a scroll of blinking {unknown}
 A - a scroll of torment {unknown}
 C - a scroll of summoning {unknown}
 E - a scroll of vulnerability {unknown}
 I - a scroll of identify
Potions
 b - a potion of cancellation {unknown}
 h - 3 potions of attraction
 i - 2 potions of heal wounds
 j - a potion of curing
 m - 2 potions of brilliance
 p - 2 potions of ambrosia
 s - 2 potions of invisibility
 t - 2 potions of lignification
 u - a potion of resistance {unknown}
 z - a potion of berserk rage {unknown}
 D - a potion of haste {unknown}


   Skills:
 + Level 3.2 Short Blades
 + Level 3.6 Armour
 - Level 9.2 Dodging
 - Level 7.7 Stealth
 + Level 8.1 Spellcasting
 + Level 3.7 Invocations
 - Level 6.7 Evocations


You couldn't memorise any spells.
You knew the following spells:

 Your Spells              Type           Power      Damage    Failure   Level
a - Magic Dart            Conj           100%       1d8       1%          1
b - Blink                 Tloc           N/A        N/A       1%          2
c - Call Imp              Summ           38%        N/A       1%          2
d - Slow                  Hex            38%        N/A       1%          2
e - Conjure Flame         Conj/Fire      38%        6-21      1%          3
f - Mephitic Cloud        Conj/Pois/Air  38%        N/A       1%          3
g - Sting                 Tmut/Pois      100%       1d8       1%          1
h - Poisonous Vapours     Pois/Air       76%        N/A       1%          2
i - Lesser Beckoning      Tloc           19%        N/A       1%          3
j - Sticky Flame          Conj/Fire      38%        2d6       3%          4
k - Agony                 Necr           38%        N/A       9%          5
Your spell library was empty.

Dungeon Overview and Level Annotations

Branches:
Dungeon (10/15)            Temple (0/1) D:6            Lair (1/6) D:10
    Orc (0/2) D:9

Altars:
Hepliaklqana
Makhleb
Nemelex Xobeh
Okawaru
Ru
Sif Muna
Vehumet
Xom
The Shining One

Shops:
D:4 *

Annotations:
D:3 2 transporters, Cralpanu's ghost, amateur FoFi
D:9 1 runed translucent door, bmj180's ghost, novice DrCj


Innate Abilities, Weirdness & Mutations

You are immune to sickness and miasma.
You are immune to poison.
Your flesh is very heat resistant. (rF++)
You are vulnerable to cold. (rC-)
You float through the air rather than walking.
You learn spells naturally, not from books.
Your magical power is your life essence.
You have superior vitality. (+4 HP)


Message History

Unknown command.
Casting: Sticky Flame (dangerous; 3% risk of failure)
Confirm with . or Enter, or press ? or * to list all spells.
Aiming: Mephitic Cloud (safe; 1% risk of failure)
Press: ? - help, Shift-Dir - straight line, f - komodo dragon
Aim: a komodo dragon (moderately wounded, chance to affect: 62%)
The ball explodes into a vile cloud!
The stinking cloud engulfs the komodo dragon but does no damage.
The komodo dragon is moderately wounded.
The stinking cloud engulfs you but does no damage.
* * * LOW HITPOINT WARNING * * *
The komodo dragon is engulfed in noxious fumes.
The komodo dragon appears confused.
Unknown command.
The komodo dragon bites you.
* * * LOW HITPOINT WARNING * * *
Casting: Mephitic Cloud (safe; 1% risk of failure)
Confirm with . or Enter, or press ? or * to list all spells.
Aiming: Sticky Flame (dangerous; 3% risk of failure)
Press: ? - help, Shift-Dir - straight line, f/p - komodo dragon
Aim: a komodo dragon (noxious fumes, moderately wounded, confused, 100% to hit)
The sticky flame hits the komodo dragon.
The komodo dragon is moderately wounded.
The komodo dragon is covered in liquid flames!
* * * LOW HITPOINT WARNING * * *
The komodo dragon burns!
The komodo dragon is engulfed in noxious fumes.
Casting: Sticky Flame (dangerous; 3% risk of failure)
Confirm with . or Enter, or press ? or * to list all spells.
A beastly little devil appears in a puff of flame.
* * * LOW HITPOINT WARNING * * *
The komodo dragon burns!
Unknown command.
Casting: Call Imp (safe; 1% risk of failure)
Confirm with . or Enter, or press ? or * to list all spells.
A shadowy apparition takes form in the air.
* * * LOW HITPOINT WARNING * * *
The komodo dragon burns!
The komodo dragon bites you!!
You die...
Your body disappears without a glow.

#####'## ##..# #......#
#######'## #......#
#........# #......#
#........# #......#
#........# #......#
#####......... #......#
###...'........#
#......###...###........#
#......5@l.#.###........#
#.....####5....######'###
#.....##.........##...#
#####.#........P..#####
#...P.÷........###
#.......>........#
##..........P....# #
##...........#^.# #
##.......(.##..####


You could see a komodo dragon (confused, burning, ally target), a friendly
crimson imp (summoned) and a friendly shadow imp (summoned).

Vanquished Creatures
  A hydra (D:9)
  A cane toad (Lair:1)
  2 trolls
  Prince Ribbit (D:8)
  Sigmund (D:4)
  3 wyverns
  A basilisk (D:10)
  6 yaks
  2 steam dragons (D:9)
  6 water moccasins
  An acid dragon (D:10)
  4 black bears
  8 orc warriors
  5 ogres
  7 centaurs
  4 kobold brigands (D:9)
  A bullfrog (D:10)
  2 gnoll sergeants (D:9)
  A wyvern zombie (D:7)
  A scorpion (D:6)
  2 water moccasin skeletons
  15 killer bees
  8 wights (D:10)
  4 howler monkeys
  A crimson imp (D:10)
  A jelly (D:5)
  5 centaur zombies
  A hound (D:5)
  An orc priest (D:7)
  5 iguanas
  Ijyb (D:4)
  8 orc wizards
  A killer bee zombie (D:9)
  A hound skeleton (D:4)
  3 howler monkey zombies
  5 gnolls
  6 adders
  2 shadow imps
  2 white imps
  2 ufetubi
  4 dart slugs
  22 orcs
  3 bats (D:2)
  6 endoplasms
  5 giant cockroaches
  14 goblins
  5 hobgoblins
  3 jackals (D:3)
  2 quokkas (D:5)
  3 ball pythons
  3 frilled lizards
  3 kobolds
  5 rats
210 creatures vanquished.

Vanquished Creatures (collateral kills)
  A manticore (D:9)
  A wraith (D:9)
  A black bear (D:5)
  An orc warrior (D:7)
  An ogre (D:4)
  A killer bee (D:6)
  2 orc wizards
  Robin (D:4)
  A gnoll (D:3)
  2 worms
  A dart slug (D:4)
  3 orcs
  An endoplasm (D:2)
  A hobgoblin (D:3)
  A ball python (D:4)
  2 goblins (D:4)
21 creatures vanquished.

Vanquished Creatures (others)
  2 yaks
  A hound (D:5)
  An orc (D:8)
  7 plants
11 creatures vanquished.

Grand Total: 242 creatures vanquished

Notes
Turn   | Place    | Note
-------+----------+-------------------------------------------
     0 | D:1      | Mesmaeker13 the Djinni Hedge Wizard began the quest for the
                  | Orb.
     0 | D:1      | Reached XP level 1. HP: 15/15 MP: 0/0
   483 | D:1      | Reached XP level 2. HP: 15/21 MP: 0/0
  1145 | D:2      | Reached XP level 3. HP: 20/25 MP: 0/0
  1145 | D:2      | Learned a level 1 spell: Sting
  1436 | D:2      | Reached skill level 3 in Dodging
  2196 | D:3      | Reached XP level 4. HP: 24/31 MP: 0/0
  2537 | D:3      | Found a hazy altar of Hepliaklqana.
  2791 | D:3      | Found a transporter.
  2848 | D:3      | Noticed Cralpanu's ghost (amateur FoFi)
  2850 | D:3      | Found a transporter.
  3255 | D:4      | Reached XP level 5. HP: 29/35 MP: 0/0
  3255 | D:4      | Learned a level 2 spell: Poisonous Vapours
  3348 | D:4      | Noticed Sigmund
  3349 | D:4      | Noticed Robin
  3381 | D:4      | Killed Robin
  3515 | D:4      | Killed Sigmund
  3516 | D:4      | Reached skill level 4 in Dodging
  3516 | D:4      | Reached XP level 6. HP: 29/40 MP: 0/0
  3748 | D:4      | Found Fugooxai's Elemental Accessories.
  3882 | D:4      | Reached XP level 7. HP: 34/45 MP: 0/0
  3882 | D:4      | Learned a level 3 spell: Lesser Beckoning
  3985 | D:4      | Noticed Ijyb
  3998 | D:4      | Killed Ijyb
  3999 | D:4      | Reached skill level 5 in Dodging
  4887 | D:5      | Entered Level 5 of the Dungeon
  5278 | D:5      | Found an iron altar of Okawaru.
  5294 | D:5      | Reached skill level 1 in Evocations
  5848 | D:5      | Reached XP level 8. HP: 45/50 MP: 0/0
  5930 | D:5      | Found a glowing golden altar of the Shining One.
  6522 | D:6      | Found a sparkling altar of Nemelex Xobeh.
  6545 | D:6      | Reached skill level 5 in Spellcasting
  6556 | D:6      | Became a worshipper of Nemelex Xobeh the Trickster
  6627 | D:6      | Reached skill level 6 in Dodging
  6627 | D:6      | Reached skill level 5 in Stealth
  7748 | D:6      | Found a staircase to the Ecumenical Temple.
  7957 | D:7      | Reached XP level 9. HP: 50/55 MP: 0/0
  7957 | D:7      | Learned a level 4 spell: Sticky Flame
  8087 | D:7      | Reached skill level 7 in Dodging
  8450 | D:7      | Found a sacrificial altar of Ru.
  8647 | D:7      | Reached * piety under Nemelex Xobeh
  8717 | D:7      | Received a gift from Nemelex Xobeh
  8924 | D:8      | Noticed Prince Ribbit
  9343 | D:8      | Killed Prince Ribbit
 10124 | D:9      | Noticed a troll
 10131 | D:8      | Killed a troll
 10132 | D:8      | Reached skill level 5 in Evocations
 10374 | D:9      | Reached skill level 8 in Dodging
 10378 | D:9      | Noticed a five-headed hydra
 10911 | D:9      | Reached XP level 10. HP: 6/60 MP: 0/0
 11931 | D:9      | Received a gift from Nemelex Xobeh
 11977 | D:9      | Identified the +0 leather armour of Hedge Wizardry {Int+3}
 12739 | D:9      | Noticed bmj180's ghost (novice DrCj)
 12756 | D:9      | Found a runed translucent door.
 12791 | D:9      | Killed a five-headed hydra
 12792 | D:9      | Reached skill level 9 in Dodging
 13294 | D:9      | Identified the +3 trident of Megalomania {drain, rF+ Dex+4}
 13530 | D:9      | Noticed a manticore
 13599 | D:9      | Reached skill level 1 in Armour
 13599 | D:9      | Reached skill level 1 in Invocations
 13883 | D:9      | Reached skill level 1 in Short Blades
 14005 | D:9      | Reached XP level 11. HP: 53/65 MP: 0/0
 14005 | D:9      | Learned a level 5 spell: Agony
 14006 | D:9      | Found a staircase to the Orcish Mines.
 14304 | D:9      | Killed a manticore
 14483 | D:10     | Entered Level 10 of the Dungeon
 14691 | D:10     | Found a shimmering altar of Xom.
 14706 | D:10     | Reached ** piety under Nemelex Xobeh
 14759 | D:10     | Found a staircase to the Lair.
 15839 | D:10     | Found a burning altar of Makhleb.
 15905 | Lair:1   | Entered Level 1 of the Lair of Beasts
 16246 | D:10     | Demolished by a komodo dragon

Illustrated notes

Levels and vault maps discovered:
D:1:      saegor_arrival_miasma, layout_loops_ring
D:2:      layout_rooms, grunt_ministairs_13, st_stairs_1, serial_park_tiny_pond,
          hangedman_decor_slide_cut, chequers_jeans
D:3:      layout_basic, chequers_temple_overflow_statue_of_worship,
          gammafunk_ghost_arena, kennysheep_generic_room_5
D:4:      layout_rooms, small_statue_intersection,
          hangedman_decor_clover_reticule, nicolae_elemental_shop,
          hangedman_glass_teeth, minmay_vboxes, uniq_ijyb, uniq_sigmund,
          uniq_robin
D:5:      layout_gridville, okawaru_metal_pillars_1_2, tso_oasis_becter,
          corner_web_ring, kennysheep_generic_room_7
D:6:      layout_cave_pools, kennysheep_mini_moat,
          minmay_temple_entry_statues_fountains, minmay_crystal_water
D:7:      layout_basic, nicolae_ru_the_path_less_chosen, minmay_misc_feat_alley,
          hangedman_decor_push
D:8:      layout_basic, uniq_prince_ribbit1
D:9:      layout_roguey, kennysheep_orc_monster_closet_entryway,
          ebering_ghost_funeral_grove, nzn_random_ring
D:10:     layout_roguey, lemuel_round_altar,
          grunt_temple_overflow_lords_of_destruction, david_lair_generic
Lair:1:   layout_regular_city, pond, grunt_megastairs_3,
          infiniplex_staircase_pool_2

Skill      XL: |  1  2  3  4  5  6  7  8  9 10 11 |
---------------+----------------------------------+-----
Stealth        | 2 3 4 5 6 7 |  7.7
Spellcasting   | 3 4 5 6 7 8 |  8.1
Dodging        | 3 4 5 6 8 9 |  9.2
Evocations     | 1 3 5 6 |  6.7
Armour         | 2 3 |  3.6
Invocations    | 2 3 |  3.7
Short Blades   | 1 3 |  3.2

Action                   |  1- 3 |  4- 6 |  7- 9 | 10-12 || total
-------------------------+-------+-------+-------+-------++-------
Melee: Rapier            |     5 |       |       |       ||     5
       Dagger            |     2 |    36 |   146 |    81 ||   265
       Short sword       |     6 |     2 |       |    93 ||   101
 Cast: Magic Dart        |    62 |    41 |   127 |    55 ||   285
       Blink             |     1 |       |     2 |       ||     3
       Call Imp          |     3 |    16 |    30 |    17 ||    66
       Mephitic Cloud    |       |     5 |    40 |    30 ||    75
       Slow              |       |     1 |     1 |     1 ||     3
       Lesser Beckoning  |       |       |     1 |       ||     1
       Sticky Flame      |       |       |    10 |    30 ||    40
Invok: Draw Destruction  |       |       |       |     5 ||     5
       Draw Escape       |       |       |       |     3 ||     3
       Draw Summoning    |       |       |       |     1 ||     1
Evoke: Wand              |       |       |    15 |     3 ||    18
  Use: Scroll            |     4 |       |     8 |     2 ||    14
       Potion            |       |       |       |     2 ||     2
 Stab: Confused          |       |       |    10 |    18 ||    28
       Sleeping          |       |       |     2 |     2 ||     4
       Distracted        |       |       |     1 |       ||     1
Armor: Robe              |     4 |    11 |    41 |     2 ||    58
       Leather armour    |       |       |       |    19 ||    19
       Steam dragon scal |       |       |       |    34 ||    34
Dodge: Dodged            |    10 |    17 |   149 |   157 ||   333

Table legend: (Time is in decaauts)
 A = Elapsed time spent in this place.
 B = Non-inter-level travel time spent in this place.
 C = Inter-level travel time spent in this place.
 D = Time resting spent in this place.
 E = Time spent auto-exploring this place.
 F = Levels seen in this place.
 G = Mean time per level.
                   A        B        C        D        E       F      G
               +--------+--------+--------+--------+--------+-----+--------+
         Total |  16246 |  15804 |    442 |   6499 |   6684 |  11 | 1476.9 |
       Dungeon |  16202 |  15760 |    442 |   6499 |   6668 |  10 | 1620.2 |
          Lair |     44 |     44 |      0 |      0 |     16 |   1 |   44.0 |
               +--------+--------+--------+--------+--------+-----+--------+

Top non-repeatable levels by time:
     D:9: 4284 daAuts
     D:5: 1914 daAuts
    D:10: 1717 daAuts
     D:7: 1579 daAuts
     D:4: 1435 daAuts
     D:3: 1424 daAuts
     D:2: 1038 daAuts
     D:1: 985 daAuts
     D:6: 984 daAuts
     D:8: 836 daAuts
  Lair:1: 44 daAuts
